 Dungeon Crawl Stone Soup version 0.31-a0-1237-gabc64e778c (webtiles) character file.

Game seed: 11871925029516544022

1871 bmb222 the Protected (level 9, -3/52 HPs)
             Began as a Gargoyle Delver on Dec 15, 2023.
             Was an Initiate of Okawaru.
             Slain by Maggie
             ... wielding a +0 morningstar
              (8 damage)
             ... on level 6 of the Dungeon.
             The game lasted 00:07:50 (5116 turns).

bmb222 the Protected (Gargoyle Delver)              Turns: 5116, Time: 00:07:51

Health: -3/52      AC: 22    Str: 20    XL:     9   Next: 13%
Magic:  9/9        EV: 10    Int: 11    God:    Okawaru [......]
Gold:   350        SH:  0    Dex: 17    Spells: 8/8 levels left

rFire   + . .        p - +0 whip (freeze)
rCold   + + .        (no shield)
rNeg    + + .        o - +0 ice dragon scales
rPois   ∞            (no helmet)
rElec   +            f - +2 cloak
rCorr   +            (no gloves)
SInv    .            (no boots)
Will    .....        (no amulet)
Stlth   ++           h - ring of Qiylliu {rF++ rN+ Will- rCorr Dex+6}
HPRegen 0.28/turn    A - ring of willpower
MPRegen 0.11/turn

%: no passive effects
@: mesmerised
A: sickness immunity, AC +6, negative energy resistance 1, electricity
resistance, torment resistance 1, petrification resistance
a: Renounce Religion


You were on level 6 of the Dungeon.
You worshipped Okawaru.
Okawaru was noncommittal.
You visited 1 branch of the dungeon, and saw 6 of its levels.

You collected 350 gold pieces.

Inventory:

Hand Weapons
 a - a +1 mace
 p - a +0 whip of freezing (weapon)
Missiles
 n - 6 atropa-tipped darts (quivered)
 r - 15 poisoned darts
Armour
 b - a +0 leather armour
 f - a +2 cloak (worn)
 o - +0 ice dragon scales (worn)
 y - +0 gold dragon scales
Jewellery
 h - the ring of Qiylliu (left hand) {rF++ rN+ Will- rCorr Dex+6}
   (You found it on level 4 of the Dungeon)

   [ring of dexterity]

   Dex+6:     It affects your dexterity (+6).
   rF++:      It greatly protects you from fire.
   rN+:       It protects you from negative energy.
   Will-:     It decreases your willpower.
   rCorr:     It protects you from acid and corrosion.
 u - a ring of fire
 A - a ring of willpower (right hand)
Wands
 g - a wand of digging (3)
 m - a wand of flame (16)
Scrolls
 c - 3 scrolls of fog
 d - 2 scrolls of revelation
 j - a scroll of noise
 v - 2 scrolls of immolation
Potions
 k - a potion of cancellation
 l - 2 potions of enlightenment
 q - 2 potions of curing
 s - a potion of ambrosia
 z - a potion of brilliance


   Skills:
 - Level 4.1 Fighting
 * Level 6.5 Maces & Flails
 * Level 10.0 Armour
 - Level 1.7 Dodging
 - Level 5.5 Stealth
 + Level 1.1 Evocations


You had 8 spell levels left.
You didn't know any spells.
Your spell library contained the following spells:

 Spells                   Type           Power      Damage    Failure   Level
 Apportation              Tloc           0%         N/A       69%         1
 Necrotise                Necr           0%         1d4       69%         1
 Shock                    Conj/Air       0%         1d3       69%         1
 Jinxbite                 Hex            0%         N/A       83%         2
 Dazzling Flash           Conj/Hex       0%         N/A       96%         3
 Swiftness                Air            0%         N/A       96%         3
 Volatile Blastmotes      Fire/Tloc      0%         2d10      96%         3
 Airstrike                Air            0%         2d(0-16)  100%        4
 Agony                    Necr           0%         N/A       100%        5
 Alistair's Intoxication  Tmut/Pois      0%         N/A       100%        5
 Silence                  Hex/Air        0%         N/A       100%        5
 Starburst                Conj/Fire      0%         6d3       100%        6
 Maxwell's Capacitive Co  Air            0%         ∞         100%        8
 Summon Small Mammal      Summ           Unusable   N/A       N/A         1

Dungeon Overview and Level Annotations

Branches:
Dungeon (6/15)
 Temple: D:4-7

Altars:
Kikubaaqudgha
Okawaru
Trog
Uskayaw
Wu Jian
Zin

Annotations:
D:5 2 transporters, JumbleTraveling's ghost, novice GnAr
D:6 Maggie


Innate Abilities, Weirdness & Mutations

You are immune to sickness and miasma.
Your stone body is resilient. (AC +6)
You are immune to poison.
You resist negative energy. (rN+)
You are resistant to electric shocks. (rElec)
You are resistant to unholy torment.
You are immune to petrification.


Message History

Maggie attempts to bespell you! You resist with some effort.
You hit Maggie. You freeze Maggie.
Maggie is lightly wounded.
Maggie casts a spell at you. The bolt of fire hits you! You resist.
You hit Maggie but do no damage.
Maggie is lightly wounded.
You hit Maggie. You freeze Maggie.
Maggie is lightly wounded.
Maggie gestures wildly while chanting.
Maggie attempts to bespell you!
You are mesmerised by Maggie!
You hit Maggie. You freeze Maggie.
Maggie is moderately wounded.
Maggie closely misses you.
You barely miss Maggie.
Maggie is moderately wounded.
Maggie gestures at you while chanting. The bolt of fire hits you. You resist.
You barely miss Maggie.
Maggie is moderately wounded.
Maggie barely misses you.
You hit Maggie but do no damage.
Maggie is moderately wounded.
You hit Maggie but do no damage.
Maggie is moderately wounded.
Maggie mumbles the words to a spell, but in the wrong order.
Maggie hits you but does no damage.
You closely miss Maggie.
Maggie is moderately wounded.
Maggie casts a spell at you. The bolt of fire hits you! You resist.
* * * LOW HITPOINT WARNING * * *
You completely miss Maggie.
Maggie is moderately wounded.
Maggie hits you but does no damage.
You hit Maggie but do no damage.
Maggie is moderately wounded.
Maggie hits you with a +0 morningstar!
You die...

............#
..#.....>... #.#.<..#
# #.#.#### #.#)..#
#...#### #......### .
.....#......#####....
.....##...##|.@@....#
##..........?...#...#
##.......#####......#
#..##.#.. ###.... #..
#.##.. ... .. #. ##
##


You could see Maggie (mesmerising).

Vanquished Creatures
  Pikel (D:5)
  A slime creature (D:5)
  A sky beast (D:5)
  A black bear (D:6)
  An ogre (D:5)
  A lemure (D:4)
  A phantom (D:4)
  2 kobold brigands (D:5)
  3 scorpions (D:5)
  3 jellies
  3 hounds (D:5)
  Crazy Yiuf (D:5)
  2 orc priests (D:5)
  A gnoll bouda (D:5)
  Terence (D:3)
  An orc wizard (D:5)
  An iguana (D:6)
  8 gnolls
  3 adders
  2 ufetubi (D:6)
  4 dart slugs
  3 orcs
  3 bats
  12 endoplasms
  4 giant cockroaches
  6 goblins
  6 hobgoblins
  2 jackals (D:1)
  6 quokkas
  7 ball pythons
  3 frilled lizards (D:1)
  8 kobolds
  6 rats
108 creatures vanquished.

Notes
Turn   | Place    | Note
-------+----------+-------------------------------------------
     0 | D:5      | bmb222 the Gargoyle Delver began the quest for the Orb.
     0 | D:5      | Reached XP level 1. HP: 14/14 MP: 1/1
     2 | D:5      | Noticed a lemure
   121 | D:4      | Found a hide-covered altar of Uskayaw.
   132 | D:4      | Identified the ring of Qiylliu {rF++ rN+ Will- rCorr Dex+6}
   427 | D:4      | Reached XP level 2. HP: 19/19 MP: 2/2
   815 | D:2      | Reached skill level 1 in Armour
   815 | D:2      | Reached XP level 3. HP: 21/24 MP: 3/3
  1609 | D:2      | Reached XP level 4. HP: 29/29 MP: 4/4
  1766 | D:2      | Reached skill level 2 in Armour
  2256 | D:3      | Reached XP level 5. HP: 31/33 MP: 5/5
  2310 | D:3      | Noticed Terence
  2330 | D:3      | Killed Terence
  2963 | D:5      | Reached skill level 3 in Armour
  2978 | D:5      | Reached skill level 4 in Armour
  2978 | D:5      | Reached XP level 6. HP: 23/38 MP: 6/6
  3056 | D:5      | Noticed a sky beast
  3178 | D:5      | Noticed Pikel
  3400 | D:5      | Killed Pikel
  3401 | D:5      | Reached skill level 7 in Armour
  3401 | D:5      | Reached XP level 7. HP: 31/43 MP: 7/7
  3534 | D:5      | Reached skill level 8 in Armour
  3534 | D:5      | Reached XP level 8. HP: 48/48 MP: 8/8
  3540 | D:5      | Found a transporter.
  3542 | D:5      | Noticed JumbleTraveling's ghost (novice GnAr)
  3558 | D:5      | Reached skill level 1 in Evocations
  3610 | D:5      | Found a transporter.
  3612 | D:5      | Identified the +1 dire flail "Pagad" {chaos, rPois rN++
                  | Will+ MP-9}
  3913 | D:5      | Reached skill level 9 in Armour
  3983 | D:5      | Found an ancient bone altar of Kikubaaqudgha.
  3983 | D:5      | Found an iron altar of Okawaru.
  3983 | D:5      | Found an ornate altar of the Wu Jian Council.
  3983 | D:5      | Found a bloodstained altar of Trog.
  3983 | D:5      | Found a glowing silver altar of Zin.
  3983 | D:5      | Found a hide-covered altar of Uskayaw.
  3983 | D:5      | Noticed a slime creature
  3983 | D:5      | Noticed a slime creature
  3983 | D:5      | Noticed a slime creature
  4181 | D:5      | Reached skill level 5 in Maces & Flails
  4768 | D:5      | Killed a slime creature
  4769 | D:5      | Reached XP level 9. HP: 43/52 MP: 9/9
  4780 | D:5      | Became a worshipper of Warmaster Okawaru
  4896 | D:5      | Found a runed translucent door.
  4897 | D:5      | Noticed Crazy Yiuf
  4911 | D:5      | Killed Crazy Yiuf
  5025 | D:6      | Reached skill level 10 in Armour
  5089 | D:6      | Noticed Maggie
  5116 | D:6      | Slain by Maggie

Illustrated notes

Levels and vault maps discovered:
D:1:      co_arrival_square_in_a_square_in_a_square, layout_basic,
          serial_corexii_hall, corexii_hall_statues_deadend,
          chequers_hall_statues_wall_a, corexii_hall_statues_i,
          corexii_hall_statues_i, corexii_hall_statues_i, corexii_hall_statues_x
D:2:      minmay_wonky_spiral, layout_basic, chequers_ecumenical_altar_twisty
D:3:      layout_basic, uniq_terence
D:4:      layout_basic, kennysheep_mini_moat
D:5:      cheibrodos_fertilizer, layout_rooms, gammafunk_ghost_smash,
          cheibrodos_sewer_entry_drain, uniq_crazy_yiuf_cottage, uniq_pikel
D:6:      layout_rooms, serial_bayou, serial_bayou_pond_d, serial_bayou_pond_a,
          serial_bayou_pond_c, serial_bayou_pond_e, kennysheep_generic_room_13,
          uniq_maggie

Skill      XL: |  1  2  3  4  5  6  7  8  9 |
---------------+----------------------------+-----
Armour         | 1 2 4 7 8 9 10 | 10.0
Maces & Flails | 3 6 |  6.5
Fighting       | 4 |  4.1
Evocations     | 1 |  1.1
Dodging        | |  1.7
Stealth        | |  5.5

Action                     |  1- 3 |  4- 6 |  7- 9 || total
---------------------------+-------+-------+-------++-------
  Melee: Mace              |    98 |   161 |       ||   259
         Punch             |     1 |     1 |     9 ||    11
         Whip              |       |       |   319 ||   319
  Evoke: Wand              |       |     5 |     3 ||     8
    Use: Scroll            |       |    13 |     2 ||    15
         Potion            |       |       |     3 ||     3
   Stab: Sleeping          |     8 |     1 |       ||     9
         Paralysed         |       |     8 |       ||     8
         Distracted        |       |       |     3 ||     3
 Armour: Leather armour    |    14 |       |       ||    14
         Ice dragon scales |    76 |   131 |   286 ||   493
         Gold dragon scale |       |     8 |       ||     8
  Dodge: Dodged            |    64 |   118 |   222 ||   404

Table legend: (Time is in decaauts)
 A = Elapsed time spent in this place.
 B = Non-inter-level travel time spent in this place.
 C = Inter-level travel time spent in this place.
 D = Time resting spent in this place.
 E = Time spent auto-exploring this place.
 F = Levels seen in this place.
 G = Mean time per level.
                   A        B        C        D        E       F      G
               +--------+--------+--------+--------+--------+-----+--------+
         Total |   5126 |   4765 |    361 |    807 |   2688 |   6 |  854.3 |
       Dungeon |   5126 |   4765 |    361 |    807 |   2688 |   6 |  854.3 |
               +--------+--------+--------+--------+--------+-----+--------+

Top non-repeatable levels by time:
     D:4: 1582 daAuts
     D:5: 1300 daAuts
     D:2: 738 daAuts
     D:1: 707 daAuts
     D:3: 700 daAuts
     D:6: 97 daAuts
